Lightning vs Islanders

Created - Tuesday, November 18, 2014 at 22:50

Goals
1 2 3 T
Lightning 1 1 1 3
Islanders 1 0 0 1
Shots
1 2 3 T
Lightning 5 13 11 29
Islanders 16 5 12 33

1st period

1. Islanders , Chris Kunitz 7 (Joe Pavelski) at 4:59 (PP)
2. Lightning , Patrick Marleau 9 (Brandon Dubinsky, Michael Stone) at 7:16

Penalties :
Brandon Dubinsky (TB ) for Boarding (Minor) at 4:55, Dmitry Kulikov (TB ) for Boarding (Minor) at 11:58, Ryan Suter (TB ) for High sticking (Minor) at 17:12

2nd period

3. Lightning , Patrick Marleau 10 (Tyson Barrie) at 3:29 (PP)

Penalties :
Jake Muzzin (NYI) for Tripping (Minor) at 3:10, Roman Polak (TB ) for Hooking (Minor) at 9:15, Brandon Dubinsky (TB ) for Tripping (Minor) at 10:04, Carl Hagelin (NYI) for High sticking (Minor) at 13:51, Kyle Quincey (NYI) for Hooking (Minor) at 15:40

3rd period

4. Lightning , Ondrej Palat 2 (Michael Stone, Ryan Nugent-Hopkins) at 18:00 (PP)

Penalties :
Joe Pavelski (NYI) for Hooking (Minor) at 7:49, Chris Kunitz (NYI) for Slashing (Minor) at 10:36, Carl Hagelin (NYI) for Interference (Minor) at 16:58, Chris Kunitz (NYI) for Hooking (Minor) at 18:44

Goalie Stats

Carey Price (TB ), 32 saves from 33 shots - (0.970), W, 11-4-4, 60:00 minutes
Braden Holtby (NYI), 26 saves from 29 shots - (0.897), L, 7-9-1, 60:00 minutes

Players Stats for Lightning

Player Name              G  A  P  +/- PIM S  H  SB GA TA FO     MP     PP MP  PK MP  
------------------------------------------------------------------------------------
Alex Chiasson            0  0  0   0  0   0  1  0  1  0  0/0    12:25   0:00   0:00 
Brandon Dubinsky         0  1  1   1  4   3  6  0  4  0  6/14   19:33   5:20   2:14 
Dave Bolland             0  0  0   0  0   2  0  0  1  0  2/4    12:25   0:00   0:00 
Dmitry Kulikov           0  0  0   0  2   1  0  1  1  0  0/0    22:11   4:11   2:24 
Jiri Tlusty              0  0  0   0  0   1  1  1  0  0  1/2    15:23   5:02   0:00 
Joel Ward                0  0  0   1  0   3  0  2  0  0  0/0    15:39   5:20   0:00 
John Mitchell            0  0  0   0  0   0  1  1  0  1  4/10   11:27   0:00   3:25 
Marc Methot              0  0  0   0  0   1  1  1  0  3  0/0    19:42   0:00   5:33 
Matt Calvert             0  0  0   0  0   0  0  1  2  0  0/1    12:25   0:00   0:00 
Michael Stone            0  2  2   1  0   0  0  2  0  0  0/0    19:06   4:11   0:00 
Nikolai Kulemin          0  0  0   0  0   3  0  1  0  0  1/2    11:14   0:00   3:12 
Ondrej Palat             1  0  1   0  0   2  1  1  2  0  0/0    15:23   5:02   0:00 
Patrick Marleau          2  0  2   1  0   6  1  0  3  2  0/0    20:45   5:20   3:25 
Roman Polak              0  0  0   1  2   0  4  1  1  0  0/0    17:59   0:00   1:57 
Ryan Nugent-Hopkins      0  1  1   0  0   1  0  0  3  1  1/6    15:51   5:02   0:06 
Ryan Suter               0  0  0   0  2   4  1  1  0  1  0/0    23:48   6:11   3:53 
Shawn Matthias           0  0  0   0  0   0  0  0  0  0  0/0     8:02   0:00   0:00 
Tyson Barrie             0  1  1   0  0   2  0  2  0  0  0/0    18:37   6:11   0:00 

Players Stats for Islanders

Player Name              G  A  P  +/- PIM S  H  SB GA TA FO     MP     PP MP  PK MP  
------------------------------------------------------------------------------------
Carl Hagelin             0  0  0   0  4   0  2  1  0  0  0/1    16:30   3:12   0:02 
Chris Kunitz             1  0  1   0  4   2  1  1  4  0  0/0    18:37   3:38   1:46 
Colton Sceviour          0  0  0   0  0   1  1  0  1  0  0/0     8:28   0:00   0:00 
Craig Adams              0  0  0   0  0   1  1  0  0  1  0/0    14:17   0:00   6:07 
David Krejci             0  0  0  -1  0   2  0  0  1  1  6/7    16:58   3:12   0:51 
Erik Karlsson            0  0  0   0  0   2  1  3  1  0  0/0    19:43   3:03   0:00 
Jake Muzzin              0  0  0  -1  2   2  1  0  1  1  0/0    16:45   3:47   0:52 
Jamie Benn               0  0  0  -1  0   4  3  0  1  0  0/1    16:05   3:38   0:00 
Jarret Stoll             0  0  0   0  0   3  3  1  2  1  5/11   15:55   0:00   7:14 
Joe Pavelski             0  1  1   0  2   0  0  3  2  0  11/15  16:27   3:38   0:00 
Kyle Quincey             0  0  0   0  2   1  2  1  0  1  0/0    17:44   0:00   3:42 
Lauri Korpikoski         0  0  0   0  0   4  1  0  0  0  0/0    10:57   0:00   2:17 
Marcel Goc               0  0  0   0  0   1  0  0  1  1  1/3    10:39   0:00   2:17 
Matt Martin              0  0  0   0  0   2  1  0  0  0  0/0     8:10   0:00   0:00 
Paul Martin              0  0  0   0  0   6  0  5  0  3  0/0    23:38   3:03   4:35 
Rob Scuderi              0  0  0  -1  0   1  0  4  0  1  0/0    17:23   0:00   5:47 
Travis Hamonic           0  0  0   0  0   0  2  4  0  2  0/0    24:58   3:47   5:47 
Tyler Ennis              0  0  0  -1  0   1  2  2  0  0  1/1    16:07   3:12   0:00 

3 Stars

1 - Patrick Marleau (TB )
2 - Carey Price (TB )
3 - Michael Stone (TB )

Power Play

Lightning - 2 on 7 Attempt(s) - 28.57%
Islanders - 1 on 5 Attempt(s) - 20.00%

Penalty Kill

Lightning - 4 on 5 Attempt(s) - 80.00% - Score 0 goal in Penalty Kill
Islanders - 5 on 7 Attempt(s) - 71.43% - Score 0 goal in Penalty Kill

Official

Referees : Unknown
Linesman : Unknown

Game Notes

No Game Note

Finance

Level 1 -- Attendance: 3983 (66.38%) -- Ticket Income $398,300
Level 2 -- Attendance: 3134 (62.68%) -- Ticket Income $203,710
Level 3 -- Attendance: 1220 (61.00%) -- Ticket Income $54,900
Level 4 -- Attendance: 2440 (61.00%) -- Ticket Income $73,200
Luxury Box -- Attendance: 659 (65.90%) -- Ticket Income $131,800
Game was played at the Nassau Coliseum
Total Attendance: 11436 (63.53%)
Total Ticket Income: $861,910
Other Income: $422,336
Total Income: $1,284,246

Lightning

5 vs 5 Forward 
   Center                   Left Wing                Right Wing               Time % Phy DF OF 
 1 Brandon Dubinsky         Patrick Marleau          Joel Ward                30     1   2  2  
 2 Ryan Nugent-Hopkins      Ondrej Palat             Jiri Tlusty              30     0   2  3  
 3 Dave Bolland             Matt Calvert             Alex Chiasson            25     1   2  2  
 4 John Mitchell            Shawn Matthias           Nikolai Kulemin          15     1   3  1  

5 vs 5 Defense 
   Defense                  Defense                                           Time % Phy DF OF 
 1 Ryan Suter               Tyson Barrie                                      34     1   2  2  
 2 Marc Methot              Dmitry Kulikov                                    33     1   2  2  
 3 Roman Polak              Michael Stone                                     33     1   2  2  
 4 Ryan Suter               Tyson Barrie                                      0      1   2  2  

PowerPlay Forward 
   Center                   Left Wing                Right Wing               Time % Phy DF OF 
 1 Brandon Dubinsky         Patrick Marleau          Joel Ward                50     0   1  4  
 2 Ryan Nugent-Hopkins      Ondrej Palat             Jiri Tlusty              50     0   1  4  

PowerPlay Defense
   Defense                  Defense                                           Time % Phy DF OF 
 1 Ryan Suter               Tyson Barrie                                      60     1   2  2  
 2 Michael Stone            Dmitry Kulikov                                    40     1   2  2  

Penalty Kill 4 Players Forward 
   Center                   Wing                     Time % Phy DF OF 
 1 John Mitchell            Nikolai Kulemin          50     1   4  0  
 2 Brandon Dubinsky         Patrick Marleau          50     1   4  0  

Penalty Kill 4 Players Defense
   Defense                  Defense                  Time % Phy DF OF 
 1 Marc Methot              Dmitry Kulikov           50     1   4  0  
 2 Ryan Suter               Roman Polak              50     1   4  0  

Penalty Kill - 3 Players Forward 
   Forward                                           Time % Phy DF OF 
 1 Patrick Marleau                                   50     1   4  0  
 2 John Mitchell                                     50     1   4  0  

Penalty Kill - 3 Players Defense
   Defense                  Defense                  Time % Phy DF OF 
 1 Marc Methot              Dmitry Kulikov           50     1   4  0  
 2 Ryan Suter               Roman Polak              50     1   4  0  

4 vs 4 Forward 
   Center                   Wing                     Time % Phy DF OF 
 1 Brandon Dubinsky         Patrick Marleau          50     0   2  3  
 2 Ryan Nugent-Hopkins      Ondrej Palat             50     0   2  3  

4 vs 4 Defense
   Defense                  Defense                  Time % Phy DF OF 
 1 Ryan Suter               Tyson Barrie             60     1   2  2  
 2 Michael Stone            Dmitry Kulikov           40     1   2  2  

Last Minutes Offensive
   Center                   Left Wing                Right Wing               Defense                  Defense                  
   Brandon Dubinsky         Patrick Marleau          Joel Ward                Ryan Suter               Tyson Barrie             

Last Minutes Defensive
   Center                   Left Wing                Right Wing               Defense                  Defense                  
   Brandon Dubinsky         Patrick Marleau          Nikolai Kulemin          Ryan Suter               Marc Methot              

Goaltenders
Starting : Carey Price              
Backup : Ben Scrivens             

Extra Forwards
Normal : Ondrej Palat, Patrick Marleau, Brandon Dubinsky - PP : Ondrej Palat, Patrick Marleau - PK : Nikolai Kulemin
Extra Defensemen
Normal : Ryan Suter, Marc Methot, Dmitry Kulikov - PP : Ryan Suter - PK : Ryan Suter, Marc Methot
Penalty Shots
Patrick Marleau, Nikolai Kulemin, Dave Bolland, Joel Ward, Ondrej Palat

Islanders

5 vs 5 Forward 
   Center                   Left Wing                Right Wing               Time % Phy DF OF 
 1 Joe Pavelski             Chris Kunitz             Carl Hagelin             30     1   2  2  
 2 David Krejci             Jamie Benn               Tyler Ennis              28     1   2  2  
 3 Jarret Stoll             Lauri Korpikoski         Colton Sceviour          25     1   2  2  
 4 Marcel Goc               Craig Adams              Matt Martin              17     1   2  2  

5 vs 5 Defense 
   Defense                  Defense                                           Time % Phy DF OF 
 1 Erik Karlsson            Paul Martin                                       37     1   3  1  
 2 Travis Hamonic           Kyle Quincey                                      32     1   3  1  
 3 Jake Muzzin              Rob Scuderi                                       28     1   3  1  
 4 Travis Hamonic           Erik Karlsson                                     3      1   3  1  

PowerPlay Forward 
   Center                   Left Wing                Right Wing               Time % Phy DF OF 
 1 Joe Pavelski             Chris Kunitz             Jamie Benn               60     1   2  2  
 2 David Krejci             Tyler Ennis              Carl Hagelin             40     1   2  2  

PowerPlay Defense
   Defense                  Defense                                           Time % Phy DF OF 
 1 Erik Karlsson            Paul Martin                                       60     1   2  2  
 2 Travis Hamonic           Jake Muzzin                                       40     1   2  2  

Penalty Kill 4 Players Forward 
   Center                   Wing                     Time % Phy DF OF 
 1 Jarret Stoll             Craig Adams              60     1   2  2  
 2 Marcel Goc               Lauri Korpikoski         40     1   2  2  

Penalty Kill 4 Players Defense
   Defense                  Defense                  Time % Phy DF OF 
 1 Travis Hamonic           Rob Scuderi              60     1   2  2  
 2 Kyle Quincey             Paul Martin              40     1   2  2  

Penalty Kill - 3 Players Forward 
   Forward                                           Time % Phy DF OF 
 1 Jarret Stoll                                      60     1   2  2  
 2 Marcel Goc                                        40     1   2  2  

Penalty Kill - 3 Players Defense
   Defense                  Defense                  Time % Phy DF OF 
 1 Travis Hamonic           Rob Scuderi              60     1   2  2  
 2 Kyle Quincey             Paul Martin              40     1   2  2  

4 vs 4 Forward 
   Center                   Wing                     Time % Phy DF OF 
 1 Joe Pavelski             Jamie Benn               60     1   2  2  
 2 David Krejci             Chris Kunitz             40     1   2  2  

4 vs 4 Defense
   Defense                  Defense                  Time % Phy DF OF 
 1 Erik Karlsson            Paul Martin              60     1   2  2  
 2 Travis Hamonic           Kyle Quincey             40     1   2  2  

Last Minutes Offensive
   Center                   Left Wing                Right Wing               Defense                  Defense                  
   Joe Pavelski             Chris Kunitz             Jamie Benn               Erik Karlsson            Paul Martin              

Last Minutes Defensive
   Center                   Left Wing                Right Wing               Defense                  Defense                  
   Jarret Stoll             Marcel Goc               Craig Adams              Travis Hamonic           Paul Martin              

Goaltenders
Starting : Braden Holtby            
Backup : Curtis McElhinney        

Extra Forwards
Normal : Joe Pavelski, Chris Kunitz, Jamie Benn - PP : Joe Pavelski, Chris Kunitz - PK : Jarret Stoll
Extra Defensemen
Normal : Paul Martin, Travis Hamonic, Erik Karlsson - PP : Erik Karlsson - PK : Paul Martin, Travis Hamonic
Penalty Shots
Jarret Stoll, Chris Kunitz, Joe Pavelski, Tyler Ennis, Kyle Quincey

% Time on Ice - Lightning

Lines # - Real PCT - Wanted PCT - Time Play
Normal Forward
1 - 24% - 30% - 10:19
2 - 28% - 30% - 12:02
3 - 29% - 25% - 12:25
4 - 19% - 15% - 8:02
Normal Defense
1 - 31% - 34% - 13:11
2 - 35% - 33% - 14:49
3 - 34% - 33% - 14:22
4 - 1% - 0% - 0:26
PP Forward
1 - 51% - 50% - 5:20
2 - 49% - 50% - 5:02
PP Defense
1 - 60% - 60% - 6:11
2 - 40% - 40% - 4:11
PK Forward
1 - 52% - 50% - 2:57
2 - 48% - 50% - 2:43
PK Defense
1 - 57% - 50% - 3:15
2 - 43% - 50% - 2:25
PK3 Forward
1 - 50% - 50% - 0:35
2 - 50% - 50% - 0:35
PK3 Defense
1 - 0% - 50% - 0:00
2 - 100% - 50% - 1:10
44 Forward
1 - 0% - 50%
2 - 0% - 50%
44 Defense
1 - 0% - 60%
2 - 0% - 40%
Last Minute Offensive  - 0:00
Last Minute Defensive  - 0:00
Total
Forward - 60:00
Defense - 60:00

% Time on Ice - Islanders

Lines # - Real PCT - Wanted PCT - Time Play
Normal Forward
1 - 30% - 30% - 13:03
2 - 31% - 28% - 13:07
3 - 20% - 25% - 8:28
4 - 19% - 17% - 8:10
Normal Defense
1 - 37% - 37% - 15:59
2 - 34% - 32% - 14:32
3 - 27% - 28% - 11:24
4 - 2% - 3% - 0:53
PP Forward
1 - 53% - 60% - 3:38
2 - 47% - 40% - 3:12
PP Defense
1 - 45% - 60% - 3:03
2 - 55% - 40% - 3:47
PK Forward
1 - 78% - 60% - 7:55
2 - 22% - 40% - 2:17
PK Defense
1 - 55% - 60% - 5:37
2 - 45% - 40% - 4:35
PK3 Forward
1 - 100% - 60% - 0:10
2 - 0% - 40% - 0:00
PK3 Defense
1 - 100% - 60% - 0:10
2 - 0% - 40% - 0:00
44 Forward
1 - 0% - 60%
2 - 0% - 40%
44 Defense
1 - 0% - 60%
2 - 0% - 40%
Last Minute Offensive  - 0:00
Last Minute Defensive  - 0:00
Total
Forward - 60:00
Defense - 60:00

Play by Play

1st period


0:01 of 1st period - Joe Pavelski wins face-off versus Brandon Dubinsky in neutral zone.
0:12 of 1st period - Slapshot by Patrick Marleau.
0:12 of 1st period - Stopped by Braden Holtby with a rebound.
0:30 of 1st period - Snap shot by Brandon Dubinsky.
0:30 of 1st period - Shot Misses the Net.
0:32 of 1st period - Wrist shot by Joel Ward.
0:32 of 1st period - Stopped by Braden Holtby with a rebound.
0:34 of 1st period - Slapshot by Ryan Suter.
0:34 of 1st period - Shot Blocked by Paul Martin.
0:36 of 1st period - Snap shot by Brandon Dubinsky.
0:36 of 1st period - Stopped by Braden Holtby with a rebound.
0:38 of 1st period - Snap shot by Joel Ward.
0:38 of 1st period - Shot Misses the Net.
1:43 of 1st period - Snap shot by Jamie Benn.
1:43 of 1st period - Shot Blocked by Ryan Suter.
1:45 of 1st period - Slapshot by Kyle Quincey.
1:45 of 1st period - Stopped by Carey Price with a rebound.
2:14 of 1st period - Snap shot by Alex Chiasson.
2:14 of 1st period - Deflect By Dave Bolland.
2:14 of 1st period - Shot Misses the Net.
2:14 of 1st period - Puck is out of play.
2:15 of 1st period - Dave Bolland wins face-off versus Marcel Goc in Islanders zone.
2:49 of 1st period - Backhand shot by Jake Muzzin.
2:49 of 1st period - Shot Misses the Net.
3:24 of 1st period - Dmitry Kulikov is hit by Jarret Stoll and loses puck.
3:54 of 1st period - Snap shot by Jamie Benn.
3:54 of 1st period - Stopped by Carey Price with a rebound.
3:56 of 1st period - Slapshot by Erik Karlsson.
3:56 of 1st period - Shot Misses the Net.
3:58 of 1st period - Slapshot by Paul Martin.
3:58 of 1st period - Deflect By David Krejci.
3:58 of 1st period - Stopped by Carey Price with a rebound.
4:00 of 1st period - Snap shot by Paul Martin.
4:00 of 1st period - Shot Blocked by John Mitchell.
4:55 of 1st period - Minor Penalty to Brandon Dubinsky for Boarding.
4:56 of 1st period - Joe Pavelski wins face-off versus Ryan Nugent-Hopkins in Lightning zone.
4:59 of 1st period - Snap shot by Chris Kunitz.
4:59 of 1st period - Goal by Chris Kunitz - Lightning : 0 - Islanders : 1.
5:00 of 1st period - Ryan Nugent-Hopkins wins face-off versus Jarret Stoll in neutral zone.
5:19 of 1st period - Snap shot by Lauri Korpikoski.
5:19 of 1st period - Stopped by Carey Price with a rebound.
6:16 of 1st period - Wrist shot by Matt Martin.
6:16 of 1st period - Stopped by Carey Price with a rebound.
6:18 of 1st period - Slapshot by Jake Muzzin.
6:18 of 1st period - Stopped by Carey Price with a rebound.
6:40 of 1st period - Wrist shot by Jamie Benn.
6:40 of 1st period - Stopped by Carey Price with a rebound.
7:16 of 1st period - Snap shot by Patrick Marleau.
7:16 of 1st period - Goal by Patrick Marleau - Lightning : 1 - Islanders : 1.
7:17 of 1st period - Joe Pavelski wins face-off versus Ryan Nugent-Hopkins in neutral zone.
7:48 of 1st period - Snap shot by Ryan Nugent-Hopkins.
7:48 of 1st period - Shot Blocked by Carl Hagelin.
7:50 of 1st period - Snap shot by Ondrej Palat.
7:50 of 1st period - Shot Blocked by Erik Karlsson.
7:52 of 1st period - Snap shot by Ondrej Palat.
7:52 of 1st period - Shot Hit the Post.
8:21 of 1st period - Wrist shot by Jarret Stoll.
8:21 of 1st period - Shot Misses the Net.
8:23 of 1st period - Slapshot by Paul Martin.
8:23 of 1st period - Shot Blocked by Joel Ward.
8:25 of 1st period - Slapshot by Erik Karlsson.
8:25 of 1st period - Shot Blocked by Tyson Barrie.
8:37 of 1st period - Snap shot by Colton Sceviour.
8:37 of 1st period - Shot Misses the Net.
9:58 of 1st period - Snap shot by John Mitchell.
9:58 of 1st period - Shot Blocked by Tyler Ennis.
10:08 of 1st period - Snap shot by Nikolai Kulemin.
10:08 of 1st period - Shot Blocked by Tyler Ennis.
10:36 of 1st period - Off-side.
10:37 of 1st period - Joe Pavelski wins face-off versus Brandon Dubinsky in neutral zone.
10:40 of 1st period - Ryan Suter is hit by Carl Hagelin and loses puck.
10:57 of 1st period - Snap shot by Patrick Marleau.
10:57 of 1st period - Shot Blocked by Joe Pavelski.
11:14 of 1st period - Jake Muzzin is hit by Brandon Dubinsky and loses puck.
11:39 of 1st period - Jarret Stoll is hit by Roman Polak and loses puck.
11:56 of 1st period - Slapshot by Erik Karlsson.
11:56 of 1st period - Shot Blocked by Ondrej Palat.
11:58 of 1st period - Minor Penalty to Dmitry Kulikov for Boarding.
11:59 of 1st period - Tyler Ennis wins face-off versus John Mitchell in Lightning zone.
12:18 of 1st period - Icing by Erik Karlsson.
12:19 of 1st period - David Krejci wins face-off versus John Mitchell in Islanders zone.
12:24 of 1st period - Wrist shot by Erik Karlsson.
12:24 of 1st period - Stopped by Carey Price without a rebound.
12:25 of 1st period - Joe Pavelski wins face-off versus Brandon Dubinsky in Lightning zone.
12:44 of 1st period - Slapshot by Erik Karlsson.
12:44 of 1st period - Shot Blocked by Nikolai Kulemin.
12:46 of 1st period - Slapshot by Paul Martin.
12:46 of 1st period - Stopped by Carey Price without a rebound.
12:47 of 1st period - David Krejci wins face-off versus Nikolai Kulemin in Lightning zone.
13:37 of 1st period - Wrist shot by Joe Pavelski.
13:37 of 1st period - Shot Misses the Net.
13:47 of 1st period - Slapshot by Chris Kunitz.
13:47 of 1st period - Shot Misses the Net.
13:58 of 1st period - Penalty to Dmitry Kulikov is over, Dmitry Kulikov is back on ice.
14:01 of 1st period - Erik Karlsson is hit by Brandon Dubinsky and loses puck.
14:22 of 1st period - Snap shot by Colton Sceviour.
14:22 of 1st period - Stopped by Carey Price with a rebound.
14:24 of 1st period - Wrist shot by Jarret Stoll.
14:24 of 1st period - Stopped by Carey Price with a rebound.
14:55 of 1st period - Ryan Suter is hit by Erik Karlsson and loses puck.
15:08 of 1st period - Slapshot by Marcel Goc.
15:08 of 1st period - Stopped by Carey Price without a rebound.
15:09 of 1st period - Marcel Goc wins face-off versus Matt Calvert in Lightning zone.
15:10 of 1st period - Snap shot by Matt Martin.
15:10 of 1st period - Stopped by Carey Price with a rebound.
15:16 of 1st period - Michael Stone is hit by Jake Muzzin.
15:34 of 1st period - Slapshot by Rob Scuderi.
15:34 of 1st period - Stopped by Carey Price with a rebound.
16:01 of 1st period - Michael Stone is hit by Tyler Ennis and loses puck.
16:10 of 1st period - Snap shot by Tyler Ennis.
16:10 of 1st period - Shot Blocked by Michael Stone.
16:20 of 1st period - Snap shot by Jamie Benn.
16:20 of 1st period - Shot Blocked by Roman Polak.
16:26 of 1st period - Erik Karlsson is hit by John Mitchell.
17:12 of 1st period - Minor Penalty to Ryan Suter for High sticking.
17:13 of 1st period - John Mitchell wins face-off versus Jamie Benn in Lightning zone.
17:31 of 1st period - Wrist shot by Chris Kunitz.
17:31 of 1st period - Stopped by Carey Price without a rebound.
17:32 of 1st period - Joe Pavelski wins face-off versus John Mitchell in Lightning zone.
17:57 of 1st period - Icing by Tyler Ennis.
17:58 of 1st period - David Krejci wins face-off versus Brandon Dubinsky in Islanders zone.
18:03 of 1st period - Roman Polak is hit by Tyler Ennis and loses puck.
19:04 of 1st period - Paul Martin is hit by Brandon Dubinsky and loses puck.
19:12 of 1st period - Penalty to Ryan Suter is over, Ryan Suter is back on ice.
19:13 of 1st period - Erik Karlsson is hit by Brandon Dubinsky and loses puck.
19:26 of 1st period - Marc Methot is hit by Lauri Korpikoski and loses puck.
19:33 of 1st period - Jarret Stoll is hit by Alex Chiasson and loses puck.
19:56 of 1st period - Slapshot by Ryan Suter.
19:56 of 1st period - Stopped by Braden Holtby with a rebound.
19:58 of 1st period - Snap shot by Dave Bolland.
19:58 of 1st period - Shot Blocked by Jarret Stoll.
Goals for this period are 1 for Lightning vs 1 for Islanders.
Shots for this period are 5 for Lightning vs 16 for Islanders.

2nd period


0:01 of 2nd period - Joe Pavelski wins face-off versus Brandon Dubinsky in neutral zone.
1:05 of 2nd period - Alex Chiasson is hit by Jamie Benn and loses puck.
3:10 of 2nd period - Minor Penalty to Jake Muzzin for Tripping.
3:11 of 2nd period - Brandon Dubinsky wins face-off versus Jarret Stoll in Islanders zone.
3:29 of 2nd period - Slapshot by Patrick Marleau.
3:29 of 2nd period - Goal by Patrick Marleau - Lightning : 2 - Islanders : 1.
3:30 of 2nd period - Joe Pavelski wins face-off versus Brandon Dubinsky in neutral zone.
4:20 of 2nd period - Dmitry Kulikov is hit by Jamie Benn and loses puck.
4:43 of 2nd period - Slapshot by Jamie Benn.
4:43 of 2nd period - Shot Blocked by Jiri Tlusty.
4:59 of 2nd period - Erik Karlsson is hit by Jiri Tlusty and loses puck.
6:04 of 2nd period - Snap shot by Dave Bolland.
6:04 of 2nd period - Shot Misses the Net.
6:06 of 2nd period - Slapshot by Michael Stone.
6:06 of 2nd period - Shot Misses the Net.
6:34 of 2nd period - Matt Martin is hit by Roman Polak and loses puck.
7:13 of 2nd period - Ryan Suter is hit by Travis Hamonic.
7:44 of 2nd period - Slapshot by Ryan Suter.
7:44 of 2nd period - Shot Blocked by Paul Martin.
7:58 of 2nd period - Slapshot by Tyson Barrie.
7:58 of 2nd period - Stopped by Braden Holtby without a rebound.
7:59 of 2nd period - David Krejci wins face-off versus Dave Bolland in Islanders zone.
8:26 of 2nd period - Jamie Benn is hit by Marc Methot and loses puck.
8:31 of 2nd period - Slapshot by Ryan Suter.
8:31 of 2nd period - Shot Misses the Net.
8:55 of 2nd period - Marcel Goc is hit by Patrick Marleau and loses puck.
9:00 of 2nd period - Snap shot by Patrick Marleau.
9:00 of 2nd period - Shot Misses the Net.
9:15 of 2nd period - Minor Penalty to Roman Polak for Hooking.
9:16 of 2nd period - Nikolai Kulemin wins face-off versus Joe Pavelski in Lightning zone.
9:26 of 2nd period - Slapshot by Dmitry Kulikov.
9:26 of 2nd period - Deflect By Nikolai Kulemin.
9:26 of 2nd period - Stopped by Braden Holtby with a rebound.
9:28 of 2nd period - Slapshot by Dmitry Kulikov.
9:28 of 2nd period - Shot Blocked by Erik Karlsson.
9:30 of 2nd period - Wrist shot by Nikolai Kulemin.
9:30 of 2nd period - Stopped by Braden Holtby without a rebound.
9:31 of 2nd period - Joe Pavelski wins face-off versus John Mitchell in Islanders zone.
10:04 of 2nd period - Minor Penalty to Brandon Dubinsky for Tripping.
10:05 of 2nd period - John Mitchell wins face-off versus David Krejci in Lightning zone.
10:26 of 2nd period - Slapshot by David Krejci.
10:26 of 2nd period - Shot Misses the Net.
11:01 of 2nd period - Patrick Marleau is hit by Jamie Benn and loses puck.
11:15 of 2nd period - Penalty to Roman Polak is over, Roman Polak is back on ice.
11:48 of 2nd period - Patrick Marleau is hit by Chris Kunitz and loses puck.
12:04 of 2nd period - Penalty to Brandon Dubinsky is over, Brandon Dubinsky is back on ice.
12:58 of 2nd period - Backhand shot by Erik Karlsson.
12:58 of 2nd period - Stopped by Carey Price with a rebound.
13:00 of 2nd period - Backhand shot by Lauri Korpikoski.
13:00 of 2nd period - Stopped by Carey Price with a rebound.
13:02 of 2nd period - Slapshot by Paul Martin.
13:02 of 2nd period - Shot Misses the Net.
13:04 of 2nd period - Snap shot by Jarret Stoll.
13:04 of 2nd period - Shot Hit the Post.
13:10 of 2nd period - Wrist shot by Colton Sceviour.
13:10 of 2nd period - Shot Blocked by Dmitry Kulikov.
13:36 of 2nd period - Slapshot by Ryan Nugent-Hopkins.
13:36 of 2nd period - Shot Misses the Net.
13:38 of 2nd period - Wrist shot by Tyson Barrie.
13:38 of 2nd period - Shot Misses the Net.
13:44 of 2nd period - Snap shot by Ryan Nugent-Hopkins.
13:44 of 2nd period - Stopped by Braden Holtby without a rebound.
13:45 of 2nd period - John Mitchell wins face-off versus Carl Hagelin in Islanders zone.
13:51 of 2nd period - Minor Penalty to Carl Hagelin for High sticking.
13:52 of 2nd period - Jarret Stoll wins face-off versus Jiri Tlusty in Islanders zone.
14:04 of 2nd period - Backhand shot by Paul Martin.
14:04 of 2nd period - Deflect By Ryan Suter.
14:04 of 2nd period - Stopped by Carey Price with a rebound.
14:40 of 2nd period - Rob Scuderi is hit by Brandon Dubinsky.
14:44 of 2nd period - Snap shot by Jarret Stoll.
14:44 of 2nd period - Stopped by Carey Price with a rebound.
15:01 of 2nd period - Jarret Stoll is hit by Ryan Suter and loses puck.
15:40 of 2nd period - Minor Penalty to Kyle Quincey for Hooking.
15:41 of 2nd period - Brandon Dubinsky wins face-off versus Jarret Stoll in Islanders zone.
15:42 of 2nd period - Snap shot by Patrick Marleau.
15:42 of 2nd period - Stopped by Braden Holtby with a rebound.
15:44 of 2nd period - Slapshot by Dmitry Kulikov.
15:44 of 2nd period - Stopped by Braden Holtby without a rebound.
15:45 of 2nd period - Brandon Dubinsky wins face-off versus Jarret Stoll in Islanders zone.
15:46 of 2nd period - Snap shot by Patrick Marleau.
15:46 of 2nd period - Shot Misses the Net.
15:48 of 2nd period - Slapshot by Michael Stone.
15:48 of 2nd period - Deflect By Joel Ward.
15:48 of 2nd period - Stopped by Braden Holtby with a rebound.
15:50 of 2nd period - Slapshot by Dmitry Kulikov.
15:50 of 2nd period - Shot Misses the Net.
15:51 of 2nd period - Penalty to Carl Hagelin is over, Carl Hagelin is back on ice.
15:52 of 2nd period - Snap shot by Joel Ward.
15:52 of 2nd period - Stopped by Braden Holtby without a rebound.
15:53 of 2nd period - Jarret Stoll wins face-off versus Brandon Dubinsky in Islanders zone.
16:08 of 2nd period - Wrist shot by Patrick Marleau.
16:08 of 2nd period - Shot Blocked by Travis Hamonic.
17:04 of 2nd period - Wrist shot by Patrick Marleau.
17:04 of 2nd period - Stopped by Braden Holtby with a rebound.
17:06 of 2nd period - Slapshot by Ryan Suter.
17:06 of 2nd period - Deflect By Paul Martin.
17:06 of 2nd period - Stopped by Braden Holtby with a rebound.
17:08 of 2nd period - Slapshot by Ryan Suter.
17:08 of 2nd period - Stopped by Braden Holtby with a rebound.
17:10 of 2nd period - Wrist shot by Brandon Dubinsky.
17:10 of 2nd period - Stopped by Braden Holtby with a rebound.
17:12 of 2nd period - Slapshot by Ryan Suter.
17:12 of 2nd period - Shot Misses the Net.
17:14 of 2nd period - Slapshot by Joel Ward.
17:14 of 2nd period - Shot Blocked by Paul Martin.
17:28 of 2nd period - Jarret Stoll is hit by Ondrej Palat.
17:31 of 2nd period - Off-side.
17:32 of 2nd period - Jiri Tlusty wins face-off versus Jarret Stoll in neutral zone.
17:40 of 2nd period - Penalty to Kyle Quincey is over, Kyle Quincey is back on ice.
18:01 of 2nd period - Slapshot by David Krejci.
18:01 of 2nd period - Stopped by Carey Price without a rebound.
18:02 of 2nd period - David Krejci wins face-off versus John Mitchell in Lightning zone.
19:29 of 2nd period - Slapshot by Matt Calvert.
19:29 of 2nd period - Shot Misses the Net.
19:39 of 2nd period - Marc Methot is hit by Kyle Quincey and loses puck.
19:49 of 2nd period - Kyle Quincey is hit by Brandon Dubinsky and loses puck.
Goals for this period are 1 for Lightning vs 0 for Islanders.
Shots for this period are 13 for Lightning vs 5 for Islanders.

3rd period


0:01 of 3rd period - Brandon Dubinsky wins face-off versus Joe Pavelski in neutral zone.
0:32 of 3rd period - Snap shot by Patrick Marleau.
0:32 of 3rd period - Shot Blocked by Paul Martin.
0:34 of 3rd period - Wrist shot by Patrick Marleau.
0:34 of 3rd period - Stopped by Braden Holtby with a rebound.
0:36 of 3rd period - Slapshot by Roman Polak.
0:36 of 3rd period - Shot Blocked by Erik Karlsson.
0:38 of 3rd period - Snap shot by Brandon Dubinsky.
0:38 of 3rd period - Shot Blocked by Joe Pavelski.
0:54 of 3rd period - Snap shot by Jiri Tlusty.
0:54 of 3rd period - Shot Misses the Net.
1:08 of 3rd period - Slapshot by Ryan Suter.
1:08 of 3rd period - Stopped by Braden Holtby with a rebound.
1:38 of 3rd period - Snap shot by Alex Chiasson.
1:38 of 3rd period - Shot Blocked by Paul Martin.
1:40 of 3rd period - Snap shot by Ryan Suter.
1:40 of 3rd period - Shot Blocked by Chris Kunitz.
1:42 of 3rd period - Slapshot by Marc Methot.
1:42 of 3rd period - Stopped by Braden Holtby with a rebound.
2:29 of 3rd period - Slapshot by John Mitchell.
2:29 of 3rd period - Shot Misses the Net.
2:54 of 3rd period - Colton Sceviour is hit by Roman Polak and loses puck.
3:01 of 3rd period - Roman Polak is hit by Colton Sceviour and loses puck.
3:10 of 3rd period - Slapshot by Lauri Korpikoski.
3:10 of 3rd period - Shot Misses the Net.
3:27 of 3rd period - Icing by Travis Hamonic.
3:28 of 3rd period - Brandon Dubinsky wins face-off versus Marcel Goc in Islanders zone.
4:01 of 3rd period - Wrist shot by Patrick Marleau.
4:01 of 3rd period - Shot Misses the Net.
4:55 of 3rd period - Alex Chiasson is hit by Jarret Stoll and loses puck.
5:00 of 3rd period - Snap shot by Colton Sceviour.
5:00 of 3rd period - Shot Blocked by Marc Methot.
5:02 of 3rd period - Snap shot by Jarret Stoll.
5:02 of 3rd period - Deflect By Lauri Korpikoski.
5:02 of 3rd period - Stopped by Carey Price with a rebound.
5:24 of 3rd period - Wrist shot by Alex Chiasson.
5:24 of 3rd period - Shot Hit the Post.
5:26 of 3rd period - Wrist shot by Dave Bolland.
5:26 of 3rd period - Shot Blocked by Travis Hamonic.
5:41 of 3rd period - Craig Adams is hit by Roman Polak and loses puck.
6:12 of 3rd period - Slapshot by Shawn Matthias.
6:12 of 3rd period - Shot Blocked by Kyle Quincey.
6:14 of 3rd period - Slapshot by Michael Stone.
6:14 of 3rd period - Shot Blocked by Travis Hamonic.
6:16 of 3rd period - Snap shot by John Mitchell.
6:16 of 3rd period - Shot Misses the Net.
6:18 of 3rd period - Slapshot by Nikolai Kulemin.
6:18 of 3rd period - Stopped by Braden Holtby with a rebound.
7:11 of 3rd period - Wrist shot by Dave Bolland.
7:11 of 3rd period - Stopped by Braden Holtby with a rebound.
7:13 of 3rd period - Slapshot by Roman Polak.
7:13 of 3rd period - Shot Blocked by Joe Pavelski.
7:15 of 3rd period - Snap shot by Dave Bolland.
7:15 of 3rd period - Stopped by Braden Holtby with a rebound.
7:49 of 3rd period - Minor Penalty to Joe Pavelski for Hooking.
7:50 of 3rd period - Jarret Stoll wins face-off versus Ryan Nugent-Hopkins in Islanders zone.
7:55 of 3rd period - Slapshot by Rob Scuderi.
7:55 of 3rd period - Shot Misses the Net.
9:21 of 3rd period - Joel Ward is hit by Jarret Stoll and loses puck.
9:37 of 3rd period - Snap shot by Lauri Korpikoski.
9:37 of 3rd period - Stopped by Carey Price with a rebound.
9:39 of 3rd period - Snap shot by Marcel Goc.
9:39 of 3rd period - Shot Misses the Net.
9:41 of 3rd period - Slapshot by Paul Martin.
9:41 of 3rd period - Stopped by Carey Price with a rebound.
9:49 of 3rd period - Penalty to Joe Pavelski is over, Joe Pavelski is back on ice.
10:19 of 3rd period - Wrist shot by Jamie Benn.
10:19 of 3rd period - Shot Blocked by Joel Ward.
10:21 of 3rd period - Slapshot by Erik Karlsson.
10:21 of 3rd period - Deflect By Tyler Ennis.
10:21 of 3rd period - Shot Misses the Net.
10:21 of 3rd period - Puck is out of play.
10:22 of 3rd period - Joe Pavelski wins face-off versus Dave Bolland in Lightning zone.
10:23 of 3rd period - Wrist shot by Chris Kunitz.
10:23 of 3rd period - Shot Misses the Net.
10:25 of 3rd period - Slapshot by Jake Muzzin.
10:25 of 3rd period - Shot Blocked by Tyson Barrie.
10:27 of 3rd period - Wrist shot by Jake Muzzin.
10:27 of 3rd period - Stopped by Carey Price without a rebound.
10:28 of 3rd period - Dave Bolland wins face-off versus Joe Pavelski in Lightning zone.
10:36 of 3rd period - Minor Penalty to Chris Kunitz for Slashing.
10:37 of 3rd period - Jarret Stoll wins face-off versus Ryan Nugent-Hopkins in Islanders zone.
10:41 of 3rd period - Ryan Nugent-Hopkins is hit by Craig Adams and loses puck.
11:59 of 3rd period - Ondrej Palat is hit by Kyle Quincey and loses puck.
12:24 of 3rd period - Snap shot by Patrick Marleau.
12:24 of 3rd period - Shot Misses the Net.
12:26 of 3rd period - Slapshot by Tyson Barrie.
12:26 of 3rd period - Shot Blocked by Rob Scuderi.
12:28 of 3rd period - Backhand shot by Joel Ward.
12:28 of 3rd period - Shot Blocked by Travis Hamonic.
12:36 of 3rd period - Penalty to Chris Kunitz is over, Chris Kunitz is back on ice.
12:54 of 3rd period - Wrist shot by Jamie Benn.
12:54 of 3rd period - Shot Misses the Net.
12:56 of 3rd period - Snap shot by Jamie Benn.
12:56 of 3rd period - Stopped by Carey Price with a rebound.
12:58 of 3rd period - Slapshot by David Krejci.
12:58 of 3rd period - Shot Misses the Net.
13:00 of 3rd period - Slapshot by Tyler Ennis.
13:00 of 3rd period - Stopped by Carey Price with a rebound.
13:02 of 3rd period - Slapshot by Rob Scuderi.
13:02 of 3rd period - Shot Blocked by Matt Calvert.
13:04 of 3rd period - Slapshot by Rob Scuderi.
13:04 of 3rd period - Shot Blocked by Michael Stone.
13:06 of 3rd period - Snap shot by Tyler Ennis.
13:06 of 3rd period - Deflect By Jamie Benn.
13:06 of 3rd period - Shot Hit the Post.
13:06 of 3rd period - Puck is out of play.
13:07 of 3rd period - David Krejci wins face-off versus John Mitchell in Lightning zone.
13:08 of 3rd period - Wrist shot by Jamie Benn.
13:08 of 3rd period - Stopped by Carey Price without a rebound.
13:09 of 3rd period - John Mitchell wins face-off versus Joe Pavelski in Lightning zone.
13:36 of 3rd period - Snap shot by Joe Pavelski.
13:36 of 3rd period - Shot Misses the Net.
13:38 of 3rd period - Snap shot by Carl Hagelin.
13:38 of 3rd period - Shot Misses the Net.
13:40 of 3rd period - Snap shot by Erik Karlsson.
13:40 of 3rd period - Shot Misses the Net.
13:42 of 3rd period - Slapshot by Paul Martin.
13:42 of 3rd period - Stopped by Carey Price with a rebound.
13:44 of 3rd period - Slapshot by Erik Karlsson.
13:44 of 3rd period - Shot Misses the Net.
13:46 of 3rd period - Backhand shot by Paul Martin.
13:46 of 3rd period - Stopped by Carey Price with a rebound.
14:14 of 3rd period - Wrist shot by Alex Chiasson.
14:14 of 3rd period - Shot Misses the Net.
14:16 of 3rd period - Slapshot by Roman Polak.
14:16 of 3rd period - Shot Blocked by Rob Scuderi.
14:18 of 3rd period - Snap shot by Matt Calvert.
14:18 of 3rd period - Shot Blocked by Rob Scuderi.
15:02 of 3rd period - Snap shot by Ondrej Palat.
15:02 of 3rd period - Stopped by Braden Holtby with a rebound.
15:04 of 3rd period - Slapshot by Jiri Tlusty.
15:04 of 3rd period - Stopped by Braden Holtby with a rebound.
15:06 of 3rd period - Slapshot by Tyson Barrie.
15:06 of 3rd period - Stopped by Braden Holtby with a rebound.
15:08 of 3rd period - Slapshot by Ryan Suter.
15:08 of 3rd period - Shot Misses the Net.
16:18 of 3rd period - Dmitry Kulikov is hit by Matt Martin.
16:44 of 3rd period - Ondrej Palat is hit by Travis Hamonic and loses puck.
16:50 of 3rd period - Roman Polak is hit by Carl Hagelin and loses puck.
16:58 of 3rd period - Minor Penalty to Carl Hagelin for Interference.
16:59 of 3rd period - Jarret Stoll wins face-off versus Brandon Dubinsky in Islanders zone.
17:37 of 3rd period - Wrist shot by Jarret Stoll.
17:37 of 3rd period - Deflect By Craig Adams.
17:37 of 3rd period - Stopped by Carey Price with a rebound.
17:39 of 3rd period - Snap shot by Paul Martin.
17:39 of 3rd period - Stopped by Carey Price with a rebound.
17:43 of 3rd period - Snap shot by Jarret Stoll.
17:43 of 3rd period - Stopped by Carey Price with a rebound.
17:58 of 3rd period - Backhand shot by Michael Stone.
17:58 of 3rd period - Shot Blocked by Rob Scuderi.
18:00 of 3rd period - Snap shot by Ondrej Palat.
18:00 of 3rd period - Goal by Ondrej Palat - Lightning : 3 - Islanders : 1.
18:01 of 3rd period - Joe Pavelski wins face-off versus Ryan Nugent-Hopkins in neutral zone.
18:32 of 3rd period - Slapshot by Joe Pavelski.
18:32 of 3rd period - Shot Misses the Net.
18:44 of 3rd period - Minor Penalty to Chris Kunitz for Hooking.
18:45 of 3rd period - Brandon Dubinsky wins face-off versus Jarret Stoll in Islanders zone.
18:52 of 3rd period - Wrist shot by Brandon Dubinsky.
18:52 of 3rd period - Stopped by Braden Holtby with a rebound.
Goals for this period are 1 for Lightning vs 0 for Islanders.
Shots for this period are 11 for Lightning vs 12 for Islanders.


Output by the SimonT Hockey Simulator (STHS) for Eric Dolegowski -- Original Page W3C XHTML 1.0 Valid
Hockey Simulator - Hockey Simulation - Hockey Manager